 Dungeon Crawl Stone Soup version 0.31-a0-728-g01b46875f1 (webtiles) character file.

Game seed: 15480845530834186495

26 Newt the Trooper (level 3, 24/24 HPs)
             Began as a Gargoyle Fighter on Sept 11, 2023.
             Was a Follower of Vehumet.
             Quit the game on level 2 of the Dungeon.
             The game lasted 00:01:05 (645 turns).

Newt the Trooper (Gargoyle Fighter)                  Turns: 645, Time: 00:01:05

Health: 24/24      AC: 10    Str: 21    XL:     3   Next: 8%
Magic:  3/3        EV:  9    Int:  8    God:    Vehumet [*.....]
Gold:   105        SH:  4    Dex:  9    Spells: 2/2 levels left

rFire   . . .        a - +0 flail
rCold   . . .        c - +0 buckler
rNeg    + . .        b - +0 scale mail
rPois   ∞            (no helmet)
rElec   +            (no cloak)
rCorr   .            (no gloves)
SInv    .            (no boots)
Will    .....        (no amulet) Stlth
                     (no ring)
HPRegen 0.24/turn    (no ring)
MPRegen 0.08/turn

%: no passive effects
@: no status effects
A: sickness immunity, AC +3, negative energy resistance 1, electricity
resistance, torment resistance 1, petrification resistance
a: Renounce Religion


You were on level 2 of the Dungeon.
You worshipped Vehumet.
Vehumet was aware of your devotion.
You visited 1 branch of the dungeon, and saw 2 of its levels.

You collected 105 gold pieces.

Inventory:

Hand Weapons
 a - a +0 flail (weapon)
Missiles
 g - 3 poisoned darts
Armour
 b - a +0 scale mail (worn)
 c - a +0 buckler (worn)
Scrolls
 e - 2 scrolls of enchant armour {unknown}
 f - a scroll of identify {unknown}
 h - a scroll of fear {unknown}
 k - a scroll of teleportation {unknown}
 l - a scroll of amnesia {unknown}
Potions
 d - 2 potions of might
 i - a potion of brilliance {unknown}
 j - a potion of curing {unknown}
 m - a potion of enlightenment {unknown}


   Skills:
 + Level 4.6 Fighting
 - Level 2.0 Maces & Flails
 - Level 3.2 Armour
 - Level 3.2 Shields


You had 2 spell levels left.
You didn't know any spells.
Your spell library contained the following spells:

 Spells                   Type           Power      Damage    Failure   Level
 Shock                    Conj/Air       0%         1d3       82%         1
 Apportation              Tloc           0%         N/A       82%         1
 Jinxbite                 Hex            0%         N/A       91%         2
 Alistair's Intoxication  Tmut/Pois      0%         N/A       100%        5


Dungeon Overview and Level Annotations

Branches:
Dungeon (2/15)

Altars:
Vehumet

Annotations:
D:1 2 transporters


Innate Abilities, Weirdness & Mutations

You are immune to sickness and miasma.
Your stone body is resilient. (AC +3)
You are immune to poison.
You resist negative energy. (rN+)
You are resistant to electric shocks. (rElec)
You are resistant to unholy torment.
You are immune to petrification.


Message History

You enter the shallow water.
Moving in this stuff is going to be slow.
Partly explored, unvisited transporter.
Partly explored, unvisited transporter.
No target in view!
Partly explored, unvisited transporter.
Partly explored, unvisited transporter.
Partly explored, unvisited transporter.
Search for what [? for help]?
Okay, then.
Search for what [? for help]? .
Things that are here:
a +0 club; 4 stones
There is a stone staircase leading down here.
You climb downwards.
Found a glowing golden potion.
There is a stone staircase leading up here.
The floating eye turns its gaze towards you.
m - a glowing golden potion The great orb of eyes turns its gaze towards you.
Found a faded altar of an unknown god.
The floating eye turns its gaze towards you.
Found a stone staircase leading down.
No reachable target in view!
No reachable target in view!
A hobgoblin comes into view.
The hobgoblin shouts!
No reachable target in view!
No reachable target in view!
No reachable target in view!
No reachable target in view!
No reachable target in view!
A hobgoblin comes into view.
There is a faded altar of an unknown god here.
This altar belongs to (a) Vehumet, (b) Okawaru or (c) Gozag, but you can't tell which.
Press the corresponding letter to learn more about a god, or press enter to convert or escape to cancel.
Vehumet accepts your prayer! Vehumet welcomes you!
You can now gain magical power from killing.
Vehumet offers you knowledge of Shock.
Are you sure you want to abandon this character and quit the game? (Confirm with "yes".)

....# ...## ..... ..
###...### ..
...#G#.g.#G#..#.#
#..###...###.##.#
#............##.#
#......@.....##.#
#............##.#
##..###...###.##.#
...#G#...#G#.##.#
##>.##.###g..###....#
.................#..#
......g.....#######<#
......####### ###
......


You could see 2 great orbs of eyes, 2 floating eyes and 2 hobgoblins.

Vanquished Creatures
  A dart slug (D:1)
  An endoplasm (D:1)
  A giant cockroach (D:1)
  2 goblins (D:1)
  2 hobgoblins (D:1)
  3 ball pythons (D:1)
  3 bats (D:1)
  2 frilled lizards (D:1)
  6 kobolds (D:1)
  2 rats (D:1)
23 creatures vanquished.

Notes
Turn   | Place    | Note
-------+----------+-------------------------------------------
     0 | D:1      | Newt the Gargoyle Fighter began the quest for the Orb.
     0 | D:1      | Reached XP level 1. HP: 14/14 MP: 1/1
   129 | D:1      | Reached XP level 2. HP: 20/20 MP: 2/2
   137 | D:1      | Reached skill level 4 in Fighting
   289 | D:1      | Reached XP level 3. HP: 13/24 MP: 3/3
   623 | D:2      | Noticed a floating eye
   627 | D:2      | Noticed a great orb of eyes
   629 | D:2      | Found a faded altar of an unknown god.
   631 | D:2      | Noticed a great orb of eyes
   631 | D:2      | Noticed a floating eye
   644 | D:2      | Prayed at the altar of an unknown god.
   644 | D:2      | Became a worshipper of Vehumet
   644 | D:2      | Reached * piety under Vehumet
   644 | D:2      | Offered knowledge of Shock by Vehumet.
   645 | D:2      | Quit the game

Illustrated notes

Levels and vault maps discovered:
D:1:      spicycebolla_arrival_transporter_tutorial, layout_rooms
D:2:      layout_basic, serial_shops, nicolae_shop_waterfront,
          nicolae_shop_dealshenge, nicolae_shop_tiny_real_fake_doors,
          hellmonk_ecumenical_altar_watching_god

Skill      XL: |  1  2 |
---------------+-------+-----
Fighting       | 4 |  4.6
Maces & Flails | |  2.0
Armour         | |  3.2
Shields        | |  3.2

Action                     || total
---------------------------++-------
  Melee: Flail             ||    42
 Armour: Scale mail        ||    34
  Dodge: Dodged            ||    24
  Block: Buckler           ||     6

Table legend: (Time is in decaauts)
 A = Elapsed time spent in this place.
 B = Non-inter-level travel time spent in this place.
 C = Inter-level travel time spent in this place.
 D = Time resting spent in this place.
 E = Time spent auto-exploring this place.
 F = Levels seen in this place.
 G = Mean time per level.
                   A        B        C        D        E       F      G
               +--------+--------+--------+--------+--------+-----+--------+
         Total |    660 |    646 |     14 |    138 |    389 |   2 |  330.0 |
       Dungeon |    660 |    646 |     14 |    138 |    389 |   2 |  330.0 |
               +--------+--------+--------+--------+--------+-----+--------+

Top non-repeatable levels by time:
     D:1: 635 daAuts
     D:2: 24 daAuts
